 Dungeon Crawl Stone Soup version 0.31-a0-232-gb1c03b2570 (webtiles) character file.

Game seed: 3073752084298121758

145 qw the Shooter (level 5, -10/30 HPs)
             Began as a Gargoyle Hexslinger on July 7, 2023.
             Killed by divine providence
             ... invoked by an orc priest
              (14 damage)
             ... on level 4 of the Dungeon.
             The game lasted 00:00:52 (2290 turns).

qw the Shooter (Gargoyle Hexslinger)                Turns: 2290, Time: 00:00:52

Health: -10/30     AC: 12    Str: 12      XL:     5   Next: 27%
Magic:  6/6        EV: 11    Int: 18 (21) God:
Gold:   184        SH:  0    Dex: 12 (14) Spells: 5/6 levels left

rFire   . . .        Y - +2 sling
rCold   . . .        (no shield)
rNeg    + . .        i - +3 leather armour of Vairch {Int+8}
rPois   inf          (no helmet)
rElec   +            k - +1 cloak
rCorr   +            (no gloves)
SInv    .            (no boots)
Will    .....        d - amulet of faith
Stlth   +            g - ring of resist corrosion
HPRegen 0.25/turn    (no ring)
MPRegen 0.10/turn

%: faith
@: about to teleport
A: sickness immunity, AC +4, negative energy resistance 1, electricity
resistance, torment resistance 1, petrification resistance
a: no special abilities


You were on level 4 of the Dungeon.
You visited 1 branch of the dungeon, and saw 4 of its levels.

You collected 184 gold pieces.


Innate Abilities, Weirdness & Mutations

You are immune to sickness and miasma.
Your stone body is resilient. (AC +4)
You are immune to poison.
You resist negative energy. (rN+)
You are resistant to electric shocks. (rElec)
You are resistant to unholy torment.
You are immune to petrification.


   Skills:
 - Level 2.2 Fighting
 + Level 4.9 Ranged Weapons
 - Level 1.5 Dodging
 - Level 1.0 Spellcasting
 - Level 2.6 Hexes


You had 5 spell levels left.
You knew the following spells:

 Your Spells              Type           Power      Damage    Failure   Level
a - Slow                  Hex            40%        N/A       9%          1

Your spell library contained the following spells:

 Spells                   Type           Power      Damage    Failure   Level
 Inner Flame              Hex/Fire       5%         N/A       41%         3
 Portal Projectile        Hex/Tloc       10%        N/A       41%         3
 Cause Fear               Hex            5%         N/A       63%         4

Inventory:

Hand Weapons
 Y - a +2 sling (weapon)
Armour
 i - the +3 leather armour of Vairch (worn) {Int+8}
   (You found it on level 3 of the Dungeon)

   Int:       It affects your intelligence (+8).
 k - a +1 cloak (worn)
Jewellery
 d - an amulet of faith (around neck)
 g - a ring of resist corrosion (left hand)
Scrolls
 l - 2 scrolls of identify
Potions
 b - 2 potions of cancellation
 f - a potion of curing

Dungeon Overview and Level Annotations

Branches:
Dungeon (4/15)
 Temple: D:4-7

Altars:
Ru
Uskayaw
Xom

Annotations:
D:4 exclusion: orc priest


Message History

You shoot a sling bullet.
The sling bullet closely misses the orc priest.
The orc priest invokes the aid of Beogh against you.
Pain shoots through your body!
A gnoll comes into view. It is wielding a +2 whip of venom.
The orc priest closely misses you.
The gnoll moves out of view.
You shoot a sling bullet.
The sling bullet hits the orc priest but does no damage.
The orc priest is lightly wounded.
The orc priest misses you.
You shoot a sling bullet.
The sling bullet closely misses the orc priest.
The orc priest looks encouraged for a moment.
You shoot a sling bullet.
The sling bullet closely misses the orc priest.
The orc priest hits you from afar with a +0 trident.
You shoot a sling bullet.
The sling bullet barely misses the orc priest.
The orc priest closely misses you.
You shoot a sling bullet.
The sling bullet barely misses the orc priest.
The orc priest hits you but does no damage.
You shoot a sling bullet. The sling bullet hits the orc priest.
The orc priest is moderately wounded.
The orc priest hits you but does no damage.
You shoot a sling bullet. The sling bullet hits the orc priest.
The orc priest is heavily wounded.
The orc priest hits you but does no damage.
The orc priest hits you from afar with a +0 trident.
Enter note:
Enter note:
Enter note: The orc priest invokes the aid of Beogh against you.
Beogh smites you!
2290 ||| READING scroll of teleportation.
As you read the scroll of teleportation, it crumbles to dust.
You feel strangely unstable.
The orc priest calls down the wrath of Beogh upon you.
Beogh smites you!
You die...

...##### ...) ...#
<... ...# ..... ..<+
..... ...## ......
....# #####o.....
....# #....).....
....+ #.....#
....##+########.@..##
...................#
...................#
...................#
...................#
..#'#######........#
..#.......#........#
..'.......#..........
..#.......#...........


You could see an orc priest.

Vanquished Creatures
  A scorpion (D:4)
  3 adders
  A dart slug (D:1)
  4 orcs
  5 ball pythons
  2 bats (D:1)
  4 endoplasms
  3 giant cockroaches
  5 goblins
  5 hobgoblins
  4 kobolds
  6 quokkas
  3 frilled lizards
  6 rats
52 creatures vanquished.

Notes
Turn   | Place    | Note
-------+----------+-------------------------------------------
     0 | D:1      | qw the Gargoyle Hexslinger began the quest for the Orb.
     0 | D:1      | Reached XP level 1. HP: 12/12 MP: 2/2
     0 | D:1      | 0 ||| qw: Version: 0.3-a-46-gb1f654a
     0 | D:1      | 0 ||| qw: Game counter: 2286
     0 | D:1      | 0 ||| qw: Melee chars always use a shield: true
     0 | D:1      | 0 ||| qw: God list: Okawaru
     0 | D:1      | 0 ||| qw: Allow faded altars: false
     0 | D:1      | 0 ||| qw: Do Orc after clearing Dungeon:15 true
     0 | D:1      | 0 ||| qw: Do second Lair branch before Depths: true
     0 | D:1      | 0 ||| qw: Lair rune preference: random
     0 | D:1      | 0 ||| qw: Goals: Normal
     0 | D:1      | 0 ||| PLANNING D:1-11
   154 | D:1      | Reached XP level 2. HP: 16/16 MP: 3/3
   231 | D:1      | Reached skill level 3 in Ranged Weapons
   628 | D:1      | 628 ||| UPGRADING to amulet of faith.
   633 | D:1      | 633 ||| UPGRADING to ring of resist corrosion.
   634 | D:1      | 634 ||| READING scroll labelled HOKUDGH IFUZIST.
   637 | D:1      | 637 ||| READING scroll labelled UTIQUE TAXZU.
   638 | D:1      | 638 ||| READING scroll labelled PORA ZOHUNA.
   639 | D:1      | 639 ||| DROPPING scroll of poison.
   679 | D:2      | 679 ||| STAIRDANCE
   685 | D:1      | Reached XP level 3. HP: 18/21 MP: 4/4
  1058 | D:2      | Reached XP level 4. HP: 26/26 MP: 5/5
  1306 | D:2      | 1306 ||| UPGRADING to +0 cloak.
  1311 | D:2      | 1311 ||| UPGRADING to +0 leather armour.
  1321 | D:2      | 1321 ||| DROPPING +0 robe.
  1322 | D:2      | 1322 ||| UPGRADING to +1 cloak.
  1332 | D:2      | 1332 ||| DROPPING +0 cloak.
  1333 | D:2      | 1333 ||| READING scroll labelled SIUQYT FOGH.
  1334 | D:2      | 1334 ||| READING scroll labelled UMOT CUENGIASK.
  1335 | D:2      | 1335 ||| DRINKING 3 bubbling black potions.
  1387 | D:3      | Found a sacrificial altar of Ru.
  1422 | D:3      | Found a hide-covered altar of Uskayaw.
  1446 | D:3      | Identified the +3 leather armour of Vairch {Int+8}
  1484 | D:3      | Reached skill level 4 in Ranged Weapons
  1681 | D:3      | Found a shimmering altar of Xom.
  2094 | D:3      | 2094 ||| UPGRADING to +3 leather armour of Vairch {Int+8}.
  2104 | D:3      | 2104 ||| DROPPING +0 leather armour.
  2105 | D:3      | 2105 ||| READING 2 scrolls labelled SESUTT OTONOH.
  2106 | D:3      | 2106 ||| READING scroll labelled IHULEY DALADA.
  2107 | D:3      | 2107 ||| DRINKING 2 brown potions.
  2108 | D:3      | 2108 ||| DRINKING 2 amethyst potions.
  2109 | D:3      | 2109 ||| READING 4 scrolls of identify.
  2109 | D:3      | 2109 ||| IDENTIFYING orange potion
  2110 | D:3      | 2110 ||| READING 3 scrolls of identify.
  2110 | D:3      | 2110 ||| IDENTIFYING murky sapphire potion
  2111 | D:3      | 2111 ||| DROPPING scroll of blinking.
  2112 | D:3      | 2112 ||| DROPPING potion of magic.
  2113 | D:3      | 2113 ||| DROPPING potion of attraction.
  2114 | D:3      | 2114 ||| DROPPING potion of degeneration.
  2257 | D:4      | Noticed a scorpion
  2268 | D:4      | Killed a scorpion
  2269 | D:4      | Reached XP level 5. HP: 30/30 MP: 6/6
  2289 | D:4      | HP: 3/30 [orc priest/divine providence (9)]
  2290 | D:4      | 2290 ||| READING scroll of teleportation.
  2290 | D:4      | Killed from afar by an orc priest

Levels and vault maps discovered:
D:1:      minmay_arrival_doors, layout_basic, chequers_serial_rivers_small_a
D:2:      layout_loops_cross
D:3:      layout_basic, nicolae_ru_sacrificial_ziggurat, lemuel_doored_altar,
          nicolae_overflow_crystal_walls, minmay_cupped
D:4:      layout_gridville, minmay_temple_entry_junction, grunt_ministairs_9,
          minmay_lizard_king, uniq_robin

Skill      XL: |  1  2  3  4 |
---------------+-------------+-----
Ranged Weapons | 3 4 |  4.9
Fighting       | 2 |  2.2
Dodging        | |  1.5
Spellcasting   | |  1.0
Hexes          | |  2.6

Action                     |  1- 3 |  4- 6 || total
---------------------------+-------+-------++-------
   Fire: Sling             |    87 |    86 ||   173
    Use: Scroll            |     3 |     7 ||    10
         Potion            |       |     3 ||     3
 Armour: Robe              |    11 |     2 ||    13
         Leather armour    |       |    13 ||    13
  Dodge: Dodged            |    34 |    21 ||    55

Table legend:
 A = Non-vault XP
 B = Vault XP
 C = Vault XP percentage of total XP
 D = Non-vault monster count
 E = Vault monster count
 F = Vault count percentage of total count
                 A         B        C        D         E       F
            +---------+---------+-------+---------+---------+-------
      Total |     205 |       3 |   1.4 |      50 |       2 |   3.8
            +---------+---------+-------+---------+---------+-------
        D:1 |      43 |       0 |   0.0 |      17 |       0 |   0.0
        D:2 |      59 |       0 |   0.0 |      21 |       0 |   0.0
        D:3 |      10 |       3 |  23.1 |       6 |       2 |  25.0
        D:4 |      93 |       0 |   0.0 |       6 |       0 |   0.0
            +---------+---------+-------+---------+---------+-------
